 Dungeon Crawl Stone Soup version 0.32-a0-484-g2eb335deba (webtiles) character file.

Game seed: 13539826556248074453

511 Alarak the Shooter (level 7, 0/50 HPs)
             Began as a Formicid Hunter on Feb 26, 2024.
             Slain by a gnoll
             ... wielding a +0 whip
             ... led by a gnoll bouda
              (3 damage)
             ... on level 5 of the Dungeon.
             The game lasted 00:09:14 (3121 turns).

Alarak the Shooter (Formicid Hunter)                Turns: 3121, Time: 00:09:15

Health: 0/50       AC:  9    Str: 22    XL:     7   Next: 43%
Magic:  7/7        EV: 12    Int:  8    God:
Gold:   219        SH:  6    Dex: 19    Spells: 6/6 levels left

rFire   . . .        a - +0 shortbow
rCold   . . .        j - +0 buckler
rNeg    . . .        c - +0 leather armour
rPois   .            (helmet unavailable)
rElec   .            (no cloak)
rCorr   .            n - +0 pair of gloves
SInv    +            l - +0 pair of boots
Will    .....        (no amulet)
Stlth   ++           d - +6 ring of strength
HPRegen 0.28/turn    e - +4 ring of protection
MPRegen 0.10/turn

%: no passive effects
@: weakened
A: permanent stasis, dig shafts and tunnels, antennae 3, four strong arms
a: Dig, Shaft Self


You were on level 5 of the Dungeon.
You visited 1 branch of the dungeon, and saw 5 of its levels.

You collected 219 gold pieces.

Inventory:

Hand Weapons
 a - a +0 shortbow (weapon)
 v - a +0 vampiric whip
Missiles
 h - a throwing net
Armour
 c - a +0 leather armour (worn)
 j - a +0 buckler (worn)
 k - a +0 ring mail
 l - a +0 pair of boots (worn)
 n - a +0 pair of gloves (worn)
Jewellery
 b - an amulet of faith
 d - a +6 ring of strength (left hand)
 e - a +4 ring of protection (right hand)
 f - a ring of protection from fire
Scrolls
 q - 5 scrolls of teleportation
 t - a scroll of vulnerability {unknown}
 u - 2 scrolls of noise {unknown}
 x - a scroll of immolation {unknown}
 y - a scroll of fog {unknown}
 A - a scroll of acquirement {unknown}
Potions
 g - a potion of invisibility
 i - 2 potions of attraction
 m - 2 potions of curing
 o - 3 potions of heal wounds
 p - a potion of magic {unknown}
 s - a potion of haste {unknown}
 w - a potion of ambrosia {unknown}
 z - 2 potions of lignification {unknown}
 B - 2 potions of degeneration {unknown}


   Skills:
 - Level 2.1 Fighting
 + Level 7.7 Ranged Weapons
 - Level 1.7 Dodging
 - Level 1.2 Stealth
 - Level 4.1 Shields


You had 6 spell levels left.
You didn't know any spells.
Your spell library was empty.

Dungeon Overview and Level Annotations

Branches:
Dungeon (5/15)
 Temple: D:4-7

Altars:
Hepliaklqana

Shops:
D:2 *[!!   D:3 =


Innate Abilities, Weirdness & Mutations

You cannot be hasted, slowed, berserked, paralysed or teleported.
You can dig through walls and to a lower floor.
You have a pair of large antennae on your head. (SInv)
Your four strong arms can wield two-handed weapons with a shield.


Message History

You shoot an arrow. The arrow hits the gnoll bouda.
The gnoll bouda is almost dead.
The gnoll bouda prays to its god.
The gnoll bouda is healed somewhat.
The gnoll barely misses you.
You shoot an arrow.
The arrow hits the gnoll bouda but does no damage.
The gnoll bouda is heavily wounded.
The gnoll bouda hits you with a +0 whip!
The gnoll hits you with a +0 whip.
You are too injured to fight recklessly!
You are too injured to fight recklessly!
You are too injured to fight recklessly!
You shoot an arrow. The arrow hits the gnoll bouda.
The gnoll bouda is severely wounded.
The gnoll bouda gazes fiercely through you!
You feel your attacks grow feeble.
The gnoll bouda hits you with a +0 whip.
The gnoll hits you but does no damage.
You shoot an arrow.
The arrow barely misses the gnoll bouda.
The gnoll bouda hits you with a +0 whip!
* * * LOW HITPOINT WARNING * * *
The gnoll closely misses you.
You shoot an arrow.
The arrow hits the gnoll bouda but does no damage.
The gnoll bouda is severely wounded.
The gnoll bouda gazes fiercely through you!
You feel as though you will be weak longer.
The gnoll bouda hits you with a +0 whip.
* * * LOW HITPOINT WARNING * * *
The gnoll hits you but does no damage.
You shoot an arrow.
The arrow hits the gnoll bouda but does no damage.
The gnoll bouda is severely wounded.
You block the gnoll bouda's attack. You block the gnoll's attack.
You shoot an arrow.
The arrow closely misses the gnoll bouda.
The gnoll bouda mumbles some strange prayers to its god.
The gnoll bouda is healed somewhat.
The gnoll hits you with a +0 whip.
You die...

.......b.....b..
.##..##..bb.b.b...
.........bb.bb.b.. #.
#....[...bbbbg.g.. #.
#.........bbbb.bb.
#.####..............b..
####.............bbb......
#.........g..⌠...)...b....
#........@g......)<#.#####
#...............####.#
#......).......## .#
#............### ..
#............# .
#..............
########............###
.......'............+
########............#


You could see a gnoll bouda and a gnoll (swift).

Vanquished Creatures
  Grinder (D:5)
  A black bear (D:4)
  A sleepcap (D:4)
  A hound (D:4)
  An iguana (D:3)
  3 adders
  6 gnolls
  A ribbon worm (D:2)
  2 dart slugs (D:2)
  3 orcs (D:5)
  4 endoplasms
  3 giant cockroaches
  6 hobgoblins
  4 quokkas
  7 ball pythons
  4 bats
  6 frilled lizards
  4 goblins
  6 kobolds
  5 rats
69 creatures vanquished.

Notes
Turn   | Place    | Note
-------+----------+-------------------------------------------
     0 | D:1      | Alarak the Formicid Hunter began the quest for the Orb.
     0 | D:1      | Reached XP level 1. HP: 16/16 MP: 1/1
    51 | D:1      | Reached XP level 2. HP: 22/22 MP: 2/2
   395 | D:1      | Reached XP level 3. HP: 21/27 MP: 3/3
   516 | D:1      | Reached skill level 5 in Ranged Weapons
   755 | D:2      | Found a hazy altar of Hepliaklqana.
   836 | D:2      | Reached skill level 1 in Shields
   956 | D:2      | Found Uweuriur's Antique Armour Shoppe.
  1137 | D:2      | Reached XP level 4. HP: 23/33 MP: 4/4
  1207 | D:2      | Found Puabas's Distillery.
  1286 | D:2      | Found Rusi's Assorted Antiques.
  1384 | D:2      | Found Meozam's Distillery.
  1757 | D:3      | Found Icizxuw's Jewellery Shoppe.
  1811 | D:3      | Reached XP level 5. HP: 26/38 MP: 5/5
  2106 | D:4      | Noticed a black bear
  2114 | D:4      | Killed a black bear
  2115 | D:4      | Reached skill level 6 in Ranged Weapons
  2115 | D:4      | Reached XP level 6. HP: 44/44 MP: 6/6
  2821 | D:5      | Entered Level 5 of the Dungeon
  2854 | D:5      | Noticed Grinder
  2883 | D:5      | Killed Grinder
  2884 | D:5      | Reached skill level 7 in Ranged Weapons
  2884 | D:5      | Reached XP level 7. HP: 26/50 MP: 7/7
  3121 | D:5      | Slain by a gnoll

Illustrated notes

Levels and vault maps discovered:
D:1:      eino_arrival_druids_welcome, layout_basic
D:2:      layout_loops_ring, basic_altar, serial_shops, shop,
          nicolae_shop_industrial_runoff, nicolae_shop_overgrown_old_shop,
          nicolae_lakefront_shop
D:3:      layout_rooms, serial_shops, shop
D:4:      layout_basic, grunt_ministairs_8
D:5:      layout_basic, minmay_temple_entry_from_below_a, solitary_fountain,
          uniq_grinder, uniq_eustachio

Skill      XL: |  1  2  3  4  5  6 |
---------------+-------------------+-----
Ranged Weapons | 5 6 7 |  7.7
Shields        | 2 4 |  4.1
Fighting       | |  2.1
Dodging        | |  1.7
Stealth        | |  1.2

Action                     |  1- 3 |  4- 6 |  7- 9 || total
---------------------------+-------+-------+-------++-------
   Fire: Shortbow          |    89 |   164 |    31 ||   284
Ability: Dig               |     4 |       |       ||     4
    Use: Scroll            |     2 |     2 |     5 ||     9
 Armour: Leather armour    |    24 |    37 |    25 ||    86
  Dodge: Dodged            |    21 |    50 |    12 ||    83
  Block: Buckler           |     9 |    23 |    10 ||    42

Table legend: (Time is in decaauts)
 A = Elapsed time spent in this place.
 B = Non-inter-level travel time spent in this place.
 C = Inter-level travel time spent in this place.
 D = Time resting spent in this place.
 E = Time spent auto-exploring this place.
 F = Levels seen in this place.
 G = Mean time per level.
                   A        B        C        D        E       F      G
               +--------+--------+--------+--------+--------+-----+--------+
         Total |   3169 |   2861 |    308 |    272 |   2027 |   5 |  633.8 |
       Dungeon |   3169 |   2861 |    308 |    272 |   2027 |   5 |  633.8 |
               +--------+--------+--------+--------+--------+-----+--------+

Top non-repeatable levels by time:
     D:4: 960 daAuts
     D:1: 769 daAuts
     D:2: 766 daAuts
     D:3: 531 daAuts
     D:5: 141 daAuts
